Map: Beckett Industries LE

Players

Serral

  • Race: Zerg Zerg

cure - Winner!

  • Race: Terran Terran

Event: TSL 7

VOD

Have the link to the VOD?

Description

Time

  • Played on: June 26, 2021, 11:23 a.m.
  • Length: 8:44

All games in this series

Show
View Real Time Build Order
Export as new Build Order

Serral Zerg 

Build Orders: Hatch First 

Get SALT Encoding   

  12  0:00  Drone  
  13  0:12  Overlord  
  13  0:17  Drone  
  14  0:30  Drone x2  
  16  0:48  Hatchery  
  15  0:51  Drone  
  15  0:56  Drone  
  17  0:59  Drone  
  18  1:10  Extractor  
  17  1:14  Spawning Pool  
  17  1:17  Drone  
  17  1:20  Drone  
  18  1:27  Drone  
  19  1:38  Drone  
  20  1:49  Overlord  
  20  2:01  Queen x2  
  20  2:02  Zergling x4  
  26  2:10  Drone  
  26  2:12  Drone  
  28  2:21  Drone  
  28  2:22  Drone  
  30  2:33  Drone x2  
  32  2:37  Queen  
  32  2:42  Overlord  
  32  2:43  Drone  
  35  2:50  Hatchery  
  34  2:54  Drone x2  
  36  3:00  Roach Warren  
  36  3:05  Drone x2  
  37  3:08  Drone  
  37  3:10  Drone  
  37  3:11  Drone  
  40  3:14  Drone  
  40  3:15  Drone  
  40  3:17  Drone  
  43  3:21  Overlord  
  43  3:25  Overlord  
  43  3:29  Overlord  
  43  3:41  Roach x4  
  51  3:45  Roach  
  51  3:46  Roach  
  57  3:48  Roach  
  57  3:50  Roach  
  57  3:52  Roach  
  61  3:56  Queen  
  61  4:00  Overlord  
  61  4:02  Drone  
  64  4:06  Drone x2  
  64  4:09  Queen  
  66  4:11  Drone  
  66  4:14  Drone  
  70  4:17  Overlord  
  70  4:19  Drone x2  
  70  4:21  Drone  
  70  4:23  Drone  
  73  4:25  Drone x2  
  73  4:27  Drone  
  76  4:34  Roach  
  76  4:35  Roach x2  
  82  4:42  Extractor x2  
  82  4:44  Overlord  
  80  4:48  Lair  
  80  4:51  Queen  
  81  4:58  Overlord  
  81  4:59  Overlord, Roach  
  83  5:06  Drone x6  
  89  5:12  Overlord  
  89  5:16  Overlord  
  89  5:18  Drone x4  
  93  5:23  Extractor  
  93  5:25  Drone x2  
  93  5:26  Drone x2, Evolution Chamber  
  93  5:28  Extractor  
  94  5:29  Queen  
  94  5:32  Roach x2  
  100  5:38  Roach x2  
  100  5:42  Zergling x4  
  106  5:44  Overlord  
  106  5:45  Glial Reconstitution  
  106  5:47  Roach x2  
  106  5:48  Roach  
  112  5:54  Overlord  
  112  5:57  Zerg Ground Armor Level 1  
  112  6:00  Overlord  
  116  6:04  Roach x4  
  118  6:13  Zergling x12  
  118  6:14  Metabolic Boost  
  124  6:23  Ravager x2  
  124  6:24  Zergling x16  
  134  6:29  Ravager  
  135  6:33  Overlord  
  135  6:34  Roach  
  135  6:36  Roach  
  135  6:39  Overlord  
  139  6:40  Overlord  
  139  6:41  Roach  
  139  6:42  Ravager  
  142  6:48  Roach x2  
  146  7:05  Drone x8  
  146  7:08  Extractor  
  152  7:09  Ravager, Evolution Chamber  
  152  7:11  Baneling Nest  
  155  7:15  Roach x2  
  155  7:16  Overseer  
  155  7:22  Drone x3  
  158  7:23  Drone  
  158  7:25  Zergling x10  
  158  7:28  Hatchery  
  158  7:29  Drone  
  164  7:30  Infestation Pit  
  164  7:33  Overlord x2  
  163  7:46  Overlord x2  
  163  7:53  Roach x7  
  177  7:59  Baneling x6  
  177  8:00  Baneling  
  177  8:01  Baneling  
  168  8:09  Roach x2  
  168  8:12  Roach x6  
  143  8:19  Roach x3  
  140  8:22  Ravager x2  
Show
View Real Time Build Order
Export as new Build Order

cure Terran - Winner!

Build Orders:  

Get SALT Encoding   

  12  0:00  SCV  
  13  0:12  SCV  
  14  0:17  Supply Depot  
  14  0:24  SCV  
  15  0:38  SCV  
  15  0:41  Barracks  
  16  0:43  Refinery  
  16  0:50  SCV  
  17  1:02  SCV  
  18  1:14  SCV  
  19  1:27  Orbital Command  
  19  1:28  Barracks Reactor  
  19  1:39  Command Center  
  19  1:48  Supply Depot  
  19  1:53  SCV  
  20  2:01  Barracks  
  20  2:05  SCV  
  21  2:09  Marine x2  
  23  2:17  SCV  
  23  2:21  Barracks  
  24  2:27  Marine x2  
  24  2:29  SCV  
  27  2:41  SCV  
  28  2:46  Marine x2  
  28  2:48  Barracks Tech Lab  
  30  2:51  Orbital Command  
  30  2:54  SCV  
  31  3:03  Marine  
  31  3:04  Marine  
  33  3:06  SCV  
  33  3:07  Marine  
  33  3:08  Barracks Tech Lab, Stimpack  
  35  3:14  Supply Depot  
  35  3:17  SCV  
  35  3:18  SCV  
  37  3:26  Marine x2  
  37  3:27  Marine x2, Combat Shield  
  39  3:30  SCV  
  39  3:31  SCV  
  43  3:37  Supply Depot  
  43  3:42  SCV  
  43  3:43  SCV  
  43  3:45  Marine x4  
  49  3:49  Supply Depot  
  49  3:54  SCV  
  50  3:56  SCV  
  50  3:57  Factory  
  51  4:03  Marine x4  
  51  4:07  SCV  
  51  4:08  SCV  
  57  4:11  Supply Depot  
  57  4:13  Refinery x2  
  57  4:18  Engineering Bay  
  57  4:24  Marine x4  
  57  4:26  SCV x2  
  63  4:38  SCV x2  
  64  4:41  Supply Depot  
  64  4:42  Starport, Factory Reactor  
  65  4:48  Marine x3  
  65  4:49  Marine  
  65  4:50  Refinery  
  69  4:54  SCV x2  
  71  5:06  SCV  
  71  5:07  SCV  
  71  5:09  Marauder, Marine x2  
  71  5:11  Marauder, Concussive Shells  
  77  5:16  Engineering Bay  
  77  5:17  Bunker  
  77  5:23  SCV x2  
  77  5:26  Factory Tech Lab  
  77  5:27  Medivac  
  81  5:31  Supply Depot  
  81  5:36  Marauder x2  
  81  5:40  Marine  
  86  5:44  Supply Depot  
  86  5:48  Terran Infantry Weapons Level 1  
  86  5:49  Terran Infantry Armor Level 1  
  86  5:52  Missile Turret  
  86  5:53  Marine  
  90  5:58  Medivac x2  
  90  6:02  Siege Tank  
  94  6:06  Supply Depot  
  94  6:09  Marauder  
  94  6:11  Marauder  
  98  6:12  Marine x2  
  98  6:16  SCV x2  
  102  6:28  Supply Depot x2  
  102  6:33  Marauder x2, Marine x2  
  102  6:34  Medivac  
  110  6:43  Supply Depot  
  110  6:49  Medivac, Siege Tank  
  115  6:54  Marauder x2, Marine x2  
  121  7:07  Supply Depot x2  
  121  7:08  Medivac  
  123  7:14  Marine  
  123  7:15  Marine  
  125  7:16  Marauder x2  
  125  7:22  Siege Tank  
  132  7:26  Medivac  
  134  7:30  Supply Depot  
  134  7:34  Marine x2  
  136  7:37  Marauder x2  
  139  7:46  Medivac  
  141  7:53  Marine x2  
  143  7:59  Marauder x2  
  143  8:00  Siege Tank  
  143  8:03  Medivac  
  148  8:11  Marine x2  
  131  8:20  Marauder x2  
Tags
 
Add a new tag
Caveats
  • Supply blocks, unpowered buildings, or Contaminate may cause inaccurate times.
  • Supply counts are checked every 10 seconds.